 Dungeon Crawl Stone Soup version 0.22-a0-429-g97ce8ef (webtiles) character file.

2237 GameOver the Sneak (level 9, -2/79 HPs)
             Began as a Naga Wizard on May 25, 2018.
             Was a High Priest of Cheibriados.
             Slain by a freed slave (7 damage)
             ... led by Pikel
             ... on level 7 of the Dungeon.
             The game lasted 00:28:41 (5151 turns).

GameOver the Sneak (Naga Wizard)                    Turns: 5151, Time: 00:28:42

Health: -2/79      AC:  4    Str: 22    XL:     9   Next: 36%
Magic:  11/13      EV: 10    Int: 39    God:    Cheibriados [*****.]
Gold:   404        SH:  0    Dex: 16    Spells: 5/14 levels left

rFire    . . .     SeeInvis +   w - +5 short sword "Woaxi" {pierce, rElec Int+5 Dex-5}
rCold    + . .     Gourm    .   (no shield)
rNeg     . . .     Faith    .   a - +0 robe
rPois    +         Spirit   .   b - +0 hat
rElec    +         Reflect  .   (no cloak)
rCorr    +         Harm     .   (no gloves)
MR       +....                  (no barding)
Stlth    +++.......             r - amulet of magic regeneration
HPRegen  0.23/turn              h - ring of resist corrosion
MPRegen  0.38/turn              A - ring of protection from cold

@: lethally poisoned (-2 -> -3), very slow
A: large, see invisible, deformed body, poison resistance, slowness 2, slow
metabolism 1, spit poison 1, AC +3
a: Spit Poison, Bend Time, Temporal Distortion, Slouch, Step From Time, Renounce
Religion


You were on level 7 of the Dungeon.
You worshipped Cheibriados.
Cheibriados was extremely pleased with you.
You were not hungry.

You visited 1 branch of the dungeon, and saw 7 of its levels.
You also visited: Sewer.

You collected 404 gold pieces.

Inventory:

Hand Weapons
 w - the +5 short sword "Woaxi" (weapon) {pierce, rElec Int+5 Dex-5}
   (You found it in a sewer)

   It inflicts extra damage upon your enemies.
   It affects your intelligence (+5).
   It affects your dexterity (-5).
   It insulates you from electricity.
 B - a +1 whip of freezing
Missiles
 q - 45 bolts
Armour
 a - a +0 robe (worn)
 b - a +0 hat (worn)
 x - a +0 ring mail of poison resistance
 y - a +1 ring mail of poison resistance
Jewellery
 h - a ring of resist corrosion (left hand)
 r - an amulet of magic regeneration (around neck)
 A - a ring of protection from cold (right hand)
Scrolls
 c - 3 scrolls of enchant armour
 f - 3 scrolls of blinking
 i - a scroll of identify
 j - 2 scrolls of immolation
 k - 3 scrolls of remove curse
 l - 2 scrolls of magic mapping
 m - 3 scrolls of teleportation
 v - 2 scrolls of amnesia
Potions
 e - 5 potions of might {unknown}
 g - a potion of cancellation
 n - 4 potions of heal wounds {unknown}
 o - a potion of magic
 p - 2 potions of flight {unknown}
 s - a potion of brilliance
 t - 2 potions of curing
 u - 2 potions of agility
Comestibles
 d - 15 rations
 z - 5 chunks of flesh


   Skills:
 + Level 4.3 Fighting
 * Level 6.1 Short Blades
 - Level 1.5 Dodging
 + Level 6.6 Stealth
 - Level 3.0 Spellcasting
 - Level 6.1 Conjurations
   Level 1.0 Summonings
 - Level 1.0 Translocations
 - Level 2.9 Fire Magic
 - Level 2.7 Air Magic
 - Level 5.0 Poison Magic


You had 5 spell levels left.
You knew the following spells:

 Your Spells              Type           Power        Failure   Level  Hunger
a - Magic Dart            Conj           ####         1%          1    None
b - Blink                 Tloc           N/A          3%          2    None
d - Mephitic Cloud        Conj/Pois/Air  #####...     1%          3    ##.....
s - Conjure Flame         Conj/Fire      #####...     1%          3    ##.....

Your spell library contained the following spells:

 Spells                   Type           Power        Failure   Level  Hunger
 Slow                     Hex            #.......     6%          2    None
 Call Imp                 Summ           ##......     3%          2    None


Dungeon Overview and Level Annotations

Branches:
Dungeon (7/15)             Temple (0/1) D:5

Altars:
Cheibriados
Gozag
Hepliaklqana
Kikubaaqudgha
Sif Muna
Xom


Innate Abilities, Weirdness & Mutations

You cannot wear boots.
Your serpentine skin is tough. (AC +3)
You have supernaturally acute eyesight. (SInv)
Armour fits poorly on your strangely shaped body.
Your system is resistant to poisons. (rPois)
You cover ground very slowly.
You have a slow metabolism.
You can spit poison.


Message History

Really fire at the non-hostile freed slave?
Okay, then.
Unknown command.
Casting: Mephitic Cloud (safe; 1% risk of failure)
Confirm with . or Enter, or press ? or * to list all spells.
Aiming: Mephitic Cloud (safe; 1% risk of failure)
Press: ? - help, Shift-Dir - straight line, p - orc warrior Really fire at the non-hostile freed slave?
The ball explodes into a vile cloud!
The stinking cloud engulfs the orc warrior.
The stinking cloud engulfs the freed slave.
The stinking cloud engulfs you!
The orc warrior is engulfed in noxious fumes.
The orc warrior appears confused.
The freed slave barely misses the orc.
The freed slave is engulfed in noxious fumes.
The freed slave appears confused.
The freed slave is engulfed in noxious fumes.
The freed slave appears confused.
The freed slave hits you!
You die...

.....# .p....#
########### ....o..
#..>......# .......
#..)......# ...p...
#..[..).>.# .......
#.........#
.....p§##<).......#
.....oop@.........#
......§##.........#
....... #.........#
....... ###########
....... ........
........# .........
...#


You could see an orc warrior (confused), an orc and 4 neutral freed slaves.

Vanquished Creatures
  Pikel (D:7)
  A hippogriff (D:7)
  Eustachio (D:6)
  An ogre (D:4)
  A centaur (D:5)
  A big kobold (Sewer)
  A bullfrog (D:6)
  3 scorpions
  2 crimson imps (D:6)
  3 hounds
  5 orc priests
  2 bullfrog skeletons
  2 orc wizards
  4 iguanas
  7 worker ants
  6 gnolls
  3 river rats (Sewer)
  9 adders
  A howler monkey skeleton (D:5)
  2 oozes
  An adder skeleton (D:4)
  3 worms
  2 leopard geckos (D:3)
  24 orcs
  5 ball pythons
  A bat (D:1)
  5 giant cockroaches (D:3)
  5 goblins
  6 hobgoblins
  3 jackals (D:6)
  4 quokkas
  5 frilled lizards
  24 kobolds
  A leopard gecko skeleton (D:5)
  30 rats
175 creatures vanquished.

Notes
Turn   | Place    | Note
-------+----------+-------------------------------------------
     0 | D:1      | GameOver the Naga Wizard began the quest for the Orb.
     0 | D:1      | Reached XP level 1. HP: 15/15 MP: 4/4
   214 | D:1      | Reached XP level 2. HP: 22/22 MP: 6/6
   951 | D:2      | Reached XP level 3. HP: 28/28 MP: 1/7
  1018 | D:2      | Found a snail-covered altar of Cheibriados.
  1028 | D:2      | Became a worshipper of Cheibriados the Contemplative
  1259 | D:3      | Found a glowing drain.
  1294 | Sewer    | Entered a sewer
  1320 | Sewer    | HP: 1/28 [river rat (1)]
  1324 | Sewer    | Reached XP level 4. HP: 2/36 MP: 0/8
  1390 | Sewer    | Learned a level 2 spell: Blink
  1394 | Sewer    | Learned a level 3 spell: Mephitic Cloud
  1398 | Sewer    | Learned a level 3 spell: Conjure Flame
  1453 | Sewer    | Reached * piety under Cheibriados
  1553 | Sewer    | Reached ** piety under Cheibriados
  1557 | Sewer    | Reached XP level 5. HP: 28/42 MP: 5/9
  1655 | Sewer    | Noticed a big kobold
  1671 | Sewer    | Killed a big kobold
  1671 | Sewer    | Reached skill level 5 in Conjurations
  1671 | Sewer    | Reached skill level 1 in Poison Magic
  1765 | Sewer    | Got a warped short sword
  1768 | Sewer    | Identified the +5 short sword "Woaxi" {pierce, rElec Int+5 Dex-5} (You found it in a sewer)
  1817 | Sewer    | Reached skill level 1 in Fire Magic
  1978 | D:3      | Reached XP level 6. HP: 47/49 MP: 4/10
  2084 | D:3      | Reached skill level 1 in Air Magic
  2116 | D:3      | Reached *** piety under Cheibriados
  2335 | D:3      | Found a shimmering altar of Xom.
  2344 | D:3      | Found a hazy altar of Hepliaklqana.
  2344 | D:3      | Noticed a torpor snail
  2345 | D:3      | Noticed a spectral ugly thing
  2345 | D:3      | Noticed a torpor snail
  2570 | D:4      | Reached XP level 7. HP: 37/55 MP: 8/11
  2905 | D:4      | Reached **** piety under Cheibriados
  2968 | D:4      | Reached skill level 1 in Short Blades
  3697 | D:5      | Entered Level 5 of the Dungeon
  3791 | D:5      | Reached XP level 8. HP: 61/63 MP: 12/12
  3859 | D:5      | Found an ancient bone altar of Kikubaaqudgha.
  3929 | D:5      | Reached skill level 1 in Fighting
  3980 | D:5      | Found an opulent altar of Gozag.
  4016 | D:5      | Found a staircase to the Ecumenical Temple.
  4148 | D:5      | Reached ***** piety under Cheibriados
  4148 | D:5      | Reached skill level 5 in Poison Magic
  4334 | D:6      | Noticed Eustachio
  4388 | D:6      | Killed Eustachio
  4425 | D:6      | Found a deep blue altar of Sif Muna.
  4709 | D:7      | Noticed a hippogriff
  4718 | D:7      | Killed a hippogriff
  4718 | D:7      | Reached skill level 5 in Stealth
  4723 | D:7      | Noticed Pikel
  4858 | D:6      | Reached XP level 9. HP: 74/76 MP: 13/13
  4863 | D:6      | Reached skill level 5 in Short Blades
  5132 | D:7      | Killed Pikel
  5151 | D:7      | Slain by a freed slave

Vault maps used:
D:1:      mrwooster_arrival_statue_2
D:2:      lemuel_round_altar, serial_glass, glass_columns_b, glass_columns_a,
          first_ration
D:3:      regret_index_temple_of_mockery, portal_sewer_entry_f,
          kennysheep_big_empty_room
D:5:      marbit_many_paths, nicolae_gozag_seed_capital,
          minmay_temple_entry_glass
D:6:      led_sif_pool, uniq_eustachio
D:7:      tgw_trog, uniq_joseph, uniq_pikel
Sewer:    sewer_minmay_treatment

Skill      XL: |  1  2  3  4  5  6  7  8  9 |
---------------+----------------------------+-----
Conjurations   | 2 3 4 5 6 |  6.1
Poison Magic   | 1 2 4 5 |  5.0
Fire Magic     | 1 2 |  2.9
Air Magic      | 1 2 |  2.7
Short Blades   | 1 4 6 |  6.1
Fighting       | 3 4 |  4.3
Stealth        | 5 6 |  6.6
Dodging        | |  1.5
Spellcasting   | |  3.0
Summonings     | |  1.0
Translocations | |  1.0

Action                   |  1- 3 |  4- 6 |  7- 9 || total
-------------------------+-------+-------+-------++-------
Melee: Short sword       |       |    30 |    90 ||   120
 Cast: Magic Dart        |    57 |   110 |    73 ||   240
       Mephitic Cloud    |       |     5 |     9 ||    14
       Blink             |       |       |     9 ||     9
Invok: Bend Time         |       |       |     1 ||     1
 Abil: Spit Poison       |    24 |    45 |    41 ||   110
  Use: Potion            |       |     2 |       ||     2
       Scroll            |       |       |    13 ||    13
 Stab: Sleeping          |       |       |     6 ||     6
       Confused          |       |       |     3 ||     3
  Eat: Chunk             |     2 |     5 |    10 ||    17
Armor: Robe              |     5 |    11 |    18 ||    34
Dodge: Dodged            |    17 |    30 |    56 ||   103

Table legend:
 A = Spawn XP
 B = Non-spawn XP
 C = Spawn XP percentage of total XP
 D = Spawn monster count
 E = Non-spawn monster count
 F = Spawn count percentage of total count
 G = Total turns spent on level
                    A         B        C        D         E        F      G
               +---------+---------+-------+---------+---------+-------+---------
         Total |       0 |    3196 |   0.0 |       0 |     175 |   0.0 |  5151
               +---------+---------+-------+---------+---------+-------+---------
           D:1 |       0 |      21 |   0.0 |       0 |      14 |   0.0 |   703
           D:2 |       0 |      26 |   0.0 |       0 |      11 |   0.0 |   594
           D:3 |       0 |     326 |   0.0 |       0 |      43 |   0.0 |   579
           D:4 |       0 |     488 |   0.0 |       0 |      20 |   0.0 |  1154
           D:5 |       0 |     424 |   0.0 |       0 |      12 |   0.0 |   585
           D:6 |       0 |     596 |   0.0 |       0 |      16 |   0.0 |   756
           D:7 |       0 |    1075 |   0.0 |       0 |      11 |   0.0 |   113
         Sewer |       0 |     240 |   0.0 |       0 |      48 |   0.0 |   667
               +---------+---------+-------+---------+---------+-------+---------
